 Dungeon Crawl Stone Soup version 0.22-a0-769-g178e55541d (webtiles) character file.

16 Htamos the Vexing (level 2, 0/19 HPs)
             Began as a Vampire Enchanter on July 17, 2018.
             Slain by a kobold
             ... wielding a +0 dagger of venom
              (4 damage)
             ... on level 1 of the Dungeon.
             The game lasted 00:01:26 (438 turns).

Htamos the Vexing (Vampire Enchanter)                Turns: 438, Time: 00:01:27

Health: 0/19       AC:  2    Str:  7    XL:     2   Next: 37%
Magic:  2/5        EV: 12    Int: 17    God:
Gold:   17         SH:  0    Dex: 14    Spells: 2/5 levels left

rFire    . . .     SeeInvis +   a - +1 dagger
rCold    . . .     Gourm    .   (no shield)
rNeg     + . .     Faith    .   b - +0 robe
rPois    .         Spirit   .   (no helmet)
rElec    .         Reflect  .   (no cloak)
rCorr    .         Harm     .   (no gloves)
MR       .....                  (no boots)
Stlth    +++.......             (no amulet)
HPRegen  0.06/turn              (no ring)
MPRegen  0.09/turn              (no ring)

@: lethally poisoned (0 -> -3)
A: fangs 3, see invisible, unbreathing
a: no special abilities


You were on level 1 of the Dungeon.
You were not thirsty.

You visited 1 branch of the dungeon, and saw 1 of its levels.

You collected 17 gold pieces.

Inventory:

Hand Weapons
 a - a +1 dagger (weapon)
Armour
 b - a +0 robe (worn)
Scrolls
 c - a scroll of identify {unknown}
Potions
 d - 3 potions of blood


   Skills:
 - Level 1.1 Short Blades
 - Level 2.1 Dodging
 - Level 4.4 Stealth
 - Level 2.0 Spellcasting
 + Level 5.6 Hexes


You had 2 spell levels left.
You knew the following spells:

 Your Spells              Type           Power        Failure   Level  Hunger
a - Corona                Hex            ###....      1%          1    #......
b - Ensorcelled Hibernat  Hex/Ice        ##....       10%         2    ###....

Your spell library contained the following spells:

 Spells                   Type           Power        Failure   Level  Hunger
 Confuse                  Hex            ###.....     6%          3    ###....
 Tukima's Dance           Hex            ###.....     6%          3    ###....
 Dazzling Spray           Conj/Hex       ##....       19%         3    ###....


Dungeon Overview and Level Annotations

Branches:
Dungeon (1/15)

Altars:


Innate Abilities, Weirdness & Mutations

You have razor-sharp teeth.
You have supernaturally acute eyesight. (SInv)
You can survive without breathing.


Message History

Aim: a kobold, wielding a dagger of venom (chance to defeat MR: 60%)
The kobold resists with significant effort.
* * * LOW MAGIC WARNING * * *
The kobold hits you with a dagger of venom.
You are poisoned.
You feel sick.
You feel sick.
You feel sick.
* * * LOW HITPOINT WARNING * * *
You feel sick.
* * * LOW HITPOINT WARNING * * *
You feel sick.
* * * LOW HITPOINT WARNING * * *
You feel sick.
You feel sick.
You feel sick.
You feel sick.
You feel sick.
The kobold hits you with a dagger of venom.
You die...

#.###.#.....#####.#...##....#
.#........##.#####.#..........
............................>#
.####....†....####............
........#....## #####.#######
#####.#.#.##.# #...%.#
#.#.#.##.# ###.#####
...##.######.# #.......#
...#####.###'###@#.###.# ...##
#...##...K.#.###.# ....#
##.####....#...#.# ....#
#..#......#...'.# ....#
##.#..K...#...###
....#####.#......#...#
.................#...#
.########.......##...# '##
#.......##...#


You could see 2 kobolds.

Vanquished Creatures
  4 dart slugs (D:1)
  A goblin (D:1)
  A hobgoblin (D:1)
  3 rats (D:1)
9 creatures vanquished.

Notes
Turn   | Place    | Note
-------+----------+-------------------------------------------
     0 | D:1      | Htamos the Vampire Enchanter began the quest for the Orb.
     0 | D:1      | Reached XP level 1. HP: 13/13 MP: 3/3
   161 | D:1      | Reached skill level 5 in Hexes
   177 | D:1      | Reached XP level 2. HP: 19/19 MP: 3/5
   185 | D:1      | Learned a level 2 spell: Ensorcelled Hibernation
   438 | D:1      | Slain by a kobold

Vault maps used:
D:1:      nicolae_arrival_washed_ashore, nrook_loot_triangle,
          minmay_tetromino_i2

Skill      XL: |  1 |
---------------+----+-----
Hexes          | 5 |  5.6
Short Blades   | |  1.1
Dodging        | |  2.1
Stealth        | |  4.4
Spellcasting   | |  2.0

Action                   || total
-------------------------++-------
Melee: Dagger            ||    13
 Cast: Corona            ||     1
       Ensorcelled Hiber ||     6
 Stab: Sleeping          ||     7
Dodge: Dodged            ||     5

Table legend:
 A = Spawn XP
 B = Non-spawn XP
 C = Spawn XP percentage of total XP
 D = Spawn monster count
 E = Non-spawn monster count
 F = Spawn count percentage of total count
 G = Total turns spent on level
                    A         B        C        D         E        F      G
               +---------+---------+-------+---------+---------+-------+---------
         Total |       0 |      23 |   0.0 |       0 |       9 |   0.0 |   438
               +---------+---------+-------+---------+---------+-------+---------
           D:1 |       0 |      23 |   0.0 |       0 |       9 |   0.0 |   438
               +---------+---------+-------+---------+---------+-------+---------
